 Dungeon Crawl Stone Soup version 0.21.1-1-g345015fe64 (webtiles) character file.

2716 Razbojnik the Thaumaturge (level 9, -7/49 HPs)
             Began as a Deep Elf Conjurer on July 27, 2018.
             Was a Follower of Vehumet.
             Mangled by an orc warrior (12 damage)
             ... in a bailey on July 28, 2018.
             The game lasted 00:40:11 (8265 turns).

Razbojnik the Thaumaturge (Deep Elf Conjurer)       Turns: 8265, Time: 00:40:11

Health: -7/49      AC:  7    Str:  4    XL:     9   Next: 39%
Magic:  2/23       EV: 14    Int: 23    God:    Vehumet [*.....]
Gold:   330        SH:  0    Dex: 19    Spells: 14/28 levels left

rFire    + . .     SeeInvis .   y - +1 scythe (venom)
rCold    + . .     Gourm    .   (shield currently unavailable)
rNeg     . . .     Faith    .   C - +3 leather armour of Favepun {rPois Dex+4}
rPois    +         Spirit   .   J - +1 helmet
rElec    .         Reflect  .   (no cloak)
rCorr    .         Harm     .   (no gloves)
MR       .....                  H - +0 pair of boots
Stlth    +++.......             (no amulet)
HPRegen  0.16/turn              e - ring of flight
MPRegen  0.18/turn              A - ring of protection from cold

@: very slightly contaminated, invisible
A: deformed body, fire resistance 1, low mp 1, weak 1
a: Renounce Religion, Evoke Flight


You were in a bailey.
You worshipped Vehumet.
Vehumet was aware of your devotion.
You were hungry.

You visited 2 branches of the dungeon, and saw 8 of its levels.
You also visited: Bailey.

You collected 330 gold pieces.

Inventory:

Hand Weapons
 d - a +0 hunting sling
 j - a +0 short sword
 o - a +0 dagger
 v - a +0 blowgun
 y - a +1 scythe of venom (weapon)
Missiles
 l - 81 sling bullets
 p - 3 javelins (quivered)
 q - 7 tomahawks
 u - 40 poisoned needles
Armour
 a - a +0 robe
 C - the +3 leather armour of Favepun (worn) {rPois Dex+4}
   (You found it on level 4 of the Dungeon)

   It affects your dexterity (+4).
   It protects you from poison.
 H - a +0 pair of boots (worn)
 J - a +1 helmet (worn)
Jewellery
 e - a ring of flight (left hand)
 A - a ring of protection from cold (right hand)
Wands
 n - a wand of iceblast (5)
 t - a wand of random effects (16)
 I - a wand of acid (3)
Scrolls
 g - a scroll of immolation {unknown}
 h - 3 scrolls of teleportation {unknown}
 k - 5 scrolls of identify
 m - a scroll of random uselessness {unknown}
 w - 2 scrolls of enchant weapon {unknown}
 x - a scroll of magic mapping {unknown}
 z - a scroll of remove curse
 G - a scroll of amnesia
 L - a scroll of fog {unknown}
 M - a scroll of enchant armour {unknown}
Potions
 f - 2 potions of brilliance {unknown}
 i - 5 potions of heal wounds {unknown}
 r - 6 potions of curing
 s - a potion of degeneration {unknown}
 D - 2 potions of flight {unknown}
 E - a potion of resistance {unknown}
 F - a potion of might {unknown}
 K - 2 potions of mutation
Books
 b - a book of Conjurations

   Spells                             Type                      Level
   a - Magic Dart                     Conjuration                  1
   b - Searing Ray                    Conjuration                  2
   c - Dazzling Spray                 Conjuration/Hexes            3
   d - Fulminant Prism                Conjuration/Hexes            4
   e - Force Lance                    Conjuration/Translocation    4
   f - Iskenderun's Mystic Blast      Conjuration                  4
Comestibles
 c - 13 rations


   Skills:
 + Level 2.4 Fighting
 - Level 1.0 Throwing
 - Level 1.0 Armour
 - Level 5.0 Dodging
 - Level 6.0 Stealth
 + Level 10.4 Spellcasting
 + Level 7.5 Conjurations
 - Level 6.2 Hexes
 - Level 2.0 Evocations


You had 14 spell levels left.
You knew the following spells:

 Your Spells              Type           Power        Failure   Level  Hunger
a - Magic Dart            Conj           ####         1%          1    None
b - Searing Ray           Conj           #####.       1%          2    None
c - Dazzling Spray        Conj/Hex       #####.       1%          3    None
d - Fulminant Prism       Conj/Hex       #####.....   5%          4    #......
e - Iskenderun's Mystic   Conj           #####...     4%          4    #......


Dungeon Overview and Level Annotations

Branches:
Dungeon (7/15)             Temple (1/1) D:6

Altars:
Ashenzari
Cheibriados
Dithmenos
Elyvilon
Gozag
Hepliaklqana
Kikubaaqudgha
Makhleb
Nemelex Xobeh
Okawaru
Qazlal
Ru
Sif Muna
Trog
Uskayaw
Vehumet
Wu Jian
Xom
Yredelemnul
Zin
The Shining One


Innate Abilities, Weirdness & Mutations

Armour fits poorly on your strangely shaped body.
Your flesh is heat resistant. (rF+)
Your magical capacity is low. (-10% MP)
You are weak. (Str -2)


Message History

The orc warrior hits you but does no damage.
Casting: Fulminant Prism
Confirm with . or Enter, or press ? or * to list all spells.
Aiming: Dazzling Spray
Press: ? - help, Shift-Dir - straight line, f - orc warrior
Aim: an orc warrior, wielding a glaive and wearing a ring mail (heavily wounded)
Okay, then.
Casting: Dazzling Spray
Confirm with . or Enter, or press ? or * to list all spells.
Aiming: Fulminant Prism
Press: ? - help, Dir - move target cursor You conjure a prism of explosive energy!
The orc warrior hits you.
* * * LOW HITPOINT WARNING * * *
The orc warrior hits your fulminant prism with a glaive.
The orc warrior hits you!
* * * LOW HITPOINT WARNING * * *
Your fulminant prism crackles loudly.
The orc warrior hits you!
You die...

### ##∩## #@∩(#
#o.(#
≈≈o≈≈.)..)(.≈≈o
≈.∩o≈*......≈oo
≈≈o*≈o......≈≈o≈
.≈≈≈).#...#..≈≈≈
..)..##...##....
##### ##∩## ####
##


You could see 3 orc warriors, 2 orcs and a friendly fulminant prism.

Vanquished Creatures
  Sigmund (D:3)
  6 orc warriors
  A sky beast (D:5)
  2 ice beasts (D:5)
  A phantom (D:4)
  A centaur (D:6)
  3 ogres (D:4)
  A big kobold (D:4)
  Blork the orc (D:3)
  2 bullfrogs (D:6)
  2 scorpions
  3 crimson imps
  7 orc priests
  3 hounds
  2 orc wizards (D:4)
  An iguana (D:6)
  8 worker ants
  A worker ant zombie (D:5)
  9 adders
  2 shadow imps
  2 oozes
  6 worms
  3 dart slugs
  6 leopard geckos
  25 orcs
  A ball python (D:6)
  2 giant cockroaches
  5 goblins
  7 hobgoblins
  8 jackals
  26 kobolds
  2 quokkas
  7 bats
  5 frilled lizards
  3 quokka skeletons
  9 rats
  A spectral orc (D:3)
  A plant (D:4)
176 creatures vanquished.

Vanquished Creatures (others)
  29 fulminant prisms
  A plant (D:4)
30 creatures vanquished.

Grand Total: 206 creatures vanquished

Notes
Turn   | Place    | Note
-------+----------+-------------------------------------------
     0 | D:1      | Razbojnik the Deep Elf Conjurer began the quest for the Orb.
     0 | D:1      | Reached XP level 1. HP: 10/10 MP: 6/6
   194 | D:1      | Reached XP level 2. HP: 15/15 MP: 5/8
   198 | D:1      | Learned a level 2 spell: Searing Ray
   874 | D:2      | Found a sparkling altar of Nemelex Xobeh.
   904 | D:2      | Reached skill level 4 in Spellcasting
   989 | D:2      | Reached skill level 5 in Conjurations
   989 | D:2      | Reached XP level 3. HP: 19/19 MP: 7/10
  1012 | D:2      | Learned a level 3 spell: Dazzling Spray
  1120 | D:2      | Reached skill level 1 in Hexes
  1810 | D:3      | Reached XP level 4. HP: 24/24 MP: 7/12
  1816 | D:3      | Learned a level 4 spell: Fulminant Prism
  1881 | D:3      | Found a basalt altar of Yredelemnul.
  2314 | D:3      | Noticed Blork the orc
  2314 | D:3      | Noticed Sigmund
  2615 | D:3      | Reached XP level 5. HP: 26/28 MP: 6/13
  3176 | D:3      | Killed Sigmund
  3176 | D:3      | Reached skill level 5 in Spellcasting
  3176 | D:3      | Reached skill level 5 in Hexes
  3176 | D:3      | Reached XP level 6. HP: 13/32 MP: 1/16
  3361 | D:3      | Found an ancient bone altar of Kikubaaqudgha.
  3366 | D:3      | Found a hazy altar of Hepliaklqana.
  3366 | D:3      | Found a burning altar of Makhleb.
  3452 | D:3      | Killed Blork the orc
  3452 | D:3      | Reached skill level 6 in Spellcasting
  3488 | D:3      | Found a deep blue altar of Sif Muna.
  3695 | D:4      | Reached XP level 7. HP: 28/36 MP: 13/18
  3716 | D:4      | Got a steaming leather armour
  3770 | D:4      | Reached skill level 7 in Spellcasting
  3957 | D:4      | Reached skill level 5 in Stealth
  4063 | D:4      | Found a glowing golden altar of the Shining One.
  4097 | D:4      | Reached skill level 8 in Spellcasting
  4185 | D:4      | Reached XP level 8. HP: 34/41 MP: 9/22
  4402 | D:4      | Learned a level 4 spell: Iskenderun's Mystic Blast
  4964 | D:5      | Entered Level 5 of the Dungeon
  5068 | D:5      | Found a shattered altar of Ashenzari.
  5304 | D:5      | Reached skill level 9 in Spellcasting
  5460 | D:5      | Reached skill level 5 in Dodging
  6019 | D:5      | Identified the +3 leather armour of Favepun {rPois Dex+4} (You found it on level 4 of the Dungeon)
  6158 | D:6      | Reached skill level 1 in Throwing
  6176 | D:6      | Found a staircase to the Ecumenical Temple.
  6180 | Temple   | Entered the Ecumenical Temple
  6384 | Temple   | Became a worshipper of Vehumet
  6432 | D:6      | Reached skill level 1 in Fighting
  6491 | D:6      | Reached skill level 1 in Evocations
  6888 | D:6      | Reached XP level 9. HP: 40/47 MP: 8/24
  7063 | D:6      | Reached skill level 1 in Armour
  7606 | D:6      | Found an ornate altar of the Wu Jian Council.
  7816 | D:6      | Reached skill level 10 in Spellcasting
  8117 | D:7      | Found a flagged portal.
  8245 | Bailey   | Entered a bailey
  8257 | Bailey   | Reached * piety under Vehumet
  8257 | Bailey   | Offered knowledge of Shock by Vehumet.
  8258 | Bailey   | HP: 2/48 [orc warrior/bolt (23)]
  8261 | Bailey   | Gained mutation: Armour fits poorly on your strangely shaped body. [potion of mutation]
  8261 | Bailey   | Gained mutation: Your magical capacity is low. (-10% MP) [potion of mutation]
  8261 | Bailey   | Gained mutation: You are weak. (Str -2) [potion of mutation]
  8261 | Bailey   | Gained mutation: Your flesh is heat resistant. (rF+) [potion of mutation]
  8265 | Bailey   | Mangled by an orc warrior

Skill      XL: |  1  2  3  4  5  6  7  8  9 |
---------------+----------------------------+-----
Spellcasting   | 4 5 6 8 9 10 | 10.4
Conjurations   | 5 6 7 |  7.5
Hexes          | 3 4 5 6 |  6.2
Stealth        | 3 5 6 |  6.0
Dodging        | 3 5 |  5.0
Throwing       | 1 |  1.0
Fighting       | 1 2 |  2.4
Evocations     | 1 2 |  2.0
Armour         | 1 |  1.0

Action                   |  1- 3 |  4- 6 |  7- 9 || total
-------------------------+-------+-------+-------++-------
Melee: Scythe            |       |       |    21 ||    21
 Fire: Hunting sling     |    29 |     4 |       ||    33
       Blowgun           |       |     8 |    45 ||    53
 Cast: Magic Dart        |    44 |    33 |    68 ||   145
       Searing Ray       |     7 |    10 |    34 ||    51
       Dazzling Spray    |       |    15 |     2 ||    17
       Fulminant Prism   |       |     3 |    27 ||    30
  Use: Scroll            |       |       |     3 ||     3
       Potion            |       |       |     3 ||     3
 Stab: Sleeping          |       |       |     4 ||     4
  Eat: Chunk             |     3 |     7 |    14 ||    24
Armor: Robe              |     1 |     4 |    12 ||    17
       Leather armour    |       |       |     4 ||     4
Dodge: Dodged            |     5 |    21 |    52 ||    78
